 Dungeon Crawl Stone Soup version 0.28-a0-845-gfc338a8e3c (webtiles) character file.

Game seed: 1106671039707361592

1337 Crownlay the Magician (level 8, -1/41 HPs)
             Began as a Gargoyle Earth Elementalist on Nov 12, 2021.
             Slain by an orc warrior (11 damage)
             ... on level 5 of the Dungeon.
             The game lasted 00:08:55 (7996 turns).

Crownlay the Magician (Gargoyle Earth Elementalist) Turns: 7996, Time: 00:08:55

Health: -1/41      AC:  9    Str: 12    XL:     8   Next: 61%
Magic:  10/19      EV: 11    Int: 18    God:
Gold:   430        SH:  0    Dex: 10    Spells: 18/22 levels left

rFire   . . .      SeeInvis +   g - +3 scythe (vamp)
rCold   . . .      Faith    .   (shield currently unavailable)
rNeg    + . .      Spirit   .   b - +0 robe
rPois   ∞          Reflect  .   (no helmet)
rElec   +          Harm     .   s - +0 cloak
rCorr   .          Rampage  .   z - +0 pair of gloves
Will    .....                   (no boots)
Stlth   ++........              (no amulet)
HPRegen 0.13/turn               e - ring of see invisible
MPRegen 0.16/turn               (no ring)

@: no status effects
A: sickness immunity, AC +5, negative energy resistance 1, electricity
resistance, torment resistance 1, petrification resistance
a: no special abilities


You were on level 5 of the Dungeon.
You visited 1 branch of the dungeon, and saw 5 of its levels.
You also visited: Ossuary.

You collected 430 gold pieces.

Inventory:

Hand Weapons
 g - a +3 vampiric scythe (weapon)
Missiles
 c - 64 stones
 f - a throwing net
 q - 2 silver javelins
Armour
 b - a +0 robe (worn)
 s - a +0 cloak (worn)
 z - a +0 pair of gloves (worn)
Jewellery
 e - a ring of see invisible (left hand)
Scrolls
 a - 2 scrolls of noise
 d - a scroll of fog {unknown}
 j - a scroll of silence
 l - a scroll of identify
 n - a scroll of fear {unknown}
 x - a scroll of immolation {unknown}
 y - a scroll of amnesia {unknown}
 A - a scroll of teleportation {unknown}
Potions
 h - 2 potions of attraction
 i - a potion of magic {unknown}
 k - 4 potions of curing
 m - 2 potions of heal wounds
 o - 2 potions of brilliance {unknown}
 p - a potion of might {unknown}
 r - a potion of mutation {unknown}
 t - a potion of berserk rage {unknown}
 u - 2 potions of flight {unknown}
 v - a potion of ambrosia {unknown}
 w - a potion of lignification {unknown}


   Skills:
 - Level 1.5 Dodging
 - Level 2.1 Stealth
 * Level 7.9 Spellcasting
 - Level 0.7 Transmutations
 + Level 7.9 Earth Magic


You had 18 spell levels left.
You knew the following spells:

 Your Spells              Type           Power      Damage    Failure   Level
a - Sandblast             Erth           70%        2d15      1%          1
b - Stone Arrow           Conj/Erth      42%        3d9       6%          3

Your spell library contained the following spells:

 Spells                   Type           Power      Damage    Failure   Level
 Passwall                 Tmut/Erth      18%        N/A       2%          2
 Shock                    Conj/Air       28%        1d4       10%         1
 Petrify                  Tmut/Erth      22%        N/A       16%         4
 Swiftness                Air            7%         N/A       30%         3
 Summon Lightning Spire   Summ/Air       7%         N/A       69%         4
 Conjure Ball Lightning   Conj/Air       3%         3x3d6     100%        6
 Lehudib's Crystal Spear  Conj/Erth      10%        10d4      100%        8


Dungeon Overview and Level Annotations

Branches:
Dungeon (5/15)            Ossuary (visited)
 Temple: D:4-7

Altars:
Cheibriados
Kikubaaqudgha
Okawaru
Yredelemnul
Zin

Shops:
D:5 *

Annotations:
D:3 1 runed translucent door
D:5 3 runed translucent doors, senseless's ghost, novice MiFi


Innate Abilities, Weirdness & Mutations

You are immune to sickness and miasma.
Your stone body is resilient. (AC +5)
You are immune to poison.
You resist negative energy. (rN+)
You are resistant to electric shocks. (rElec)
You are resistant to unholy torment.
You are immune to petrification.


Message History

There is a stone staircase leading up here.
The orc warrior hits you from afar with a +0 halberd!
* * * LOW HITPOINT WARNING * * *
You climb upwards.
There is a stone staircase leading down here.
Magic restored.
HP restored.
Done exploring.
You climb downwards.
Level annotation: 3 runed translucent doors, senseless's ghost, novice MiFi The orc warrior completely misses you.
The orc hits you from afar with a +0 vorpal trident.
The orc warrior hits you from afar with a +0 halberd!
There is a stone staircase leading up here.
Casting: Sandblast (safe; 1% risk of failure)
Confirm with . or Enter, or press ? or * to list all spells.
Aiming: Stone Arrow (dangerous; 6% risk of failure)
Press: ? - help, Shift-Dir - straight line, f - orc
Aim: an orc, wielding a +0 vorpal trident (71% to hit)
The stone arrow hits the orc!!
You kill the orc!
The orc warrior hits you from afar with a +0 halberd.
Casting: Stone Arrow (dangerous; 6% risk of failure)
Confirm with . or Enter, or press ? or * to list all spells.
Aiming: Stone Arrow (dangerous; 6% risk of failure)
Press: ? - help, Shift-Dir - straight line, f - orc warrior
Aim: an orc warrior, wielding a +0 halberd and wearing a +0 chain mail (68% to hit)
The stone arrow hits the orc warrior!
The orc warrior is heavily wounded.
The orc warrior hits you from afar with a +0 halberd!
* * * LOW HITPOINT WARNING * * *
Casting: Stone Arrow (dangerous; 6% risk of failure)
Confirm with . or Enter, or press ? or * to list all spells.
Aiming: Stone Arrow (dangerous; 6% risk of failure)
Press: ? - help, Shift-Dir - straight line, f/p - orc warrior
Aim: an orc warrior, wielding a +0 halberd and wearing a +0 chain mail (heavily wounded, 68% to hit)
The stone arrow hits the orc warrior!
The orc warrior is severely wounded.
The orc warrior hits you from afar with a +0 halberd!
You die...

# #......# ####...# # #......#
#...#..# ##########......#
#...#..####
...=.........########
#.....>....
##########.#........#
#...#######
.........#.#.######.# #...# #
########.#.#.#....#.# #...# #
....<#...#.#.#.##.#.####.######
#
######.###.#.#.#@.#.##...oo...#
#
...........#.#.#..#.##.######.#
# .........(##.#..)o#.##o# #.#
# ######.##.##.#.#..####.###
#o# # ### #.##.##.####.##☼o..°#
#o# #
...###.##.##.......#.....####.#
#
##.#...##.########...._....##.#
# #.####.# ###.....#....# #
#......# #§...§####.# #


You could see an orc warrior.

Vanquished Creatures
  Sigmund (D:2)
  An ice beast (D:5)
  A necrophage (D:4)
  2 ogres (D:4)
  A centaur (D:5)
  A phantom (D:5)
  A scorpion (D:3)
  A water moccasin skeleton (D:4)
  2 orc priests (D:5)
  Crazy Yiuf (D:4)
  4 iguanas
  2 orc wizards
  9 mummies
  2 gnolls (D:5)
  5 adders
  A shadow imp (D:5)
  A white imp (D:5)
  An ufetubus (D:5)
  A dart slug (D:3)
  14 orcs
  10 ball pythons
  13 endoplasms
  A gnoll zombie (Ossuary)
  6 hobgoblins
  4 jackals (D:3)
  6 quokkas
  9 bats
  2 frilled lizards
  8 goblins
  A goblin zombie (D:3)
  3 hobgoblin zombies (Ossuary)
  11 kobolds
  3 kobold zombies (Ossuary)
  An orc zombie (Ossuary)
  11 rats
141 creatures vanquished.

Vanquished Creatures (others)
  An orc wizard (D:4)
  A plant (D:1)
  2 withered plants (D:1)
4 creatures vanquished.

Grand Total: 145 creatures vanquished

Notes
Turn   | Place    | Note
-------+----------+-------------------------------------------
     0 | D:1      | Crownlay the Gargoyle Earth Elementalist began the quest
                  | for the Orb.
     0 | D:1      | Reached XP level 1. HP: 10/10 MP: 3/3
   347 | D:1      | Reached XP level 2. HP: 15/15 MP: 1/5
   880 | D:1      | Got the Volume of the Rocks and the Birds
   882 | D:1      | Found a faded altar of an unknown god.
  1237 | D:1      | Reached XP level 3. HP: 8/19 MP: 4/7
  2286 | D:2      | Noticed Sigmund
  2298 | D:2      | Killed Sigmund
  2299 | D:2      | Reached skill level 5 in Earth Magic
  2299 | D:2      | Reached XP level 4. HP: 9/24 MP: 0/10
  2299 | D:2      | Reached XP level 5. HP: 11/28 MP: 0/11
  2740 | D:2      | Reached XP level 6. HP: 23/32 MP: 13/13
  3553 | D:3      | Found a snail-covered altar of Cheibriados.
  3891 | D:3      | Reached skill level 5 in Spellcasting
  4483 | D:3      | Found a runed translucent door.
  4483 | D:3      | Noticed a human
  4487 | D:3      | Found a basalt altar of Yredelemnul.
  4940 | D:4      | Reached XP level 7. HP: 13/36 MP: 9/15
  4947 | D:4      | Learned a level 3 spell: Stone Arrow
  5932 | D:4      | Found a runed translucent door.
  5933 | D:4      | Noticed Crazy Yiuf
  5939 | D:4      | Killed Crazy Yiuf
  6028 | D:5      | Entered Level 5 of the Dungeon
  6045 | D:5      | Found an ancient bone altar of Kikubaaqudgha.
  6094 | D:5      | Reached XP level 8. HP: 21/41 MP: 4/18
  6203 | D:5      | Got the Grimoire of Air
  6318 | D:5      | Found a runed translucent gate.
  6318 | D:5      | Found a runed translucent gate.
  6318 | D:5      | Found a runed translucent gate.
  6321 | D:5      | Noticed senseless's ghost (novice MiFi)
  6324 | D:5      | Identified the +7 dagger of Tatwam {flame, Int+3 Dex+4}
  6373 | D:5      | Found a sand-covered staircase.
  6383 | Ossuary  | Entered an ossuary
  6869 | D:5      | Found Zin's Purification Station.
  6871 | D:5      | Found a glowing silver altar of Zin.
  7117 | D:5      | Found an iron altar of Okawaru.
  7689 | D:5      | HP: 1/41 [orc warrior (8)]
  7996 | D:5      | Slain by an orc warrior

Illustrated notes

Levels and vault maps discovered:
D:1:      minmay_arrival_solitary_statue, layout_loops_corners,
          shapermc_ecumenical_altar_flowoftime, nrook_uturn
D:2:      layout_basic, uniq_sigmund
D:3:      minmay_bubble_buster, layout_basic, dk_yredelemnul_ordeal,
          kennysheep_slug_shrine
D:4:      layout_loops_cross, uniq_crazy_yiuf_cottage
D:5:      layout_basic, mainiacjoe_overflow_24_doors, zin_purify,
          nicolae_kikubaaqudgha_miasma_corner, biasface_ghost_orc_armoury,
          gup_ossuary_entry_pyramid, sigmund_army

Skill      XL: |  1  2  3  4  5  6  7  8 |
---------------+-------------------------+-----
Earth Magic    | 4 5 6 7 |  7.9
Spellcasting   | 4 5 6 7 |  7.9
Dodging        | |  1.5
Stealth        | |  2.1
Transmutations | |  0.7

Action                   |  1- 3 |  4- 6 |  7- 9 || total
-------------------------+-------+-------+-------++-------
Melee: Dagger            |   110 |     8 |       ||   118
       Scythe            |       |   131 |    49 ||   180
 Cast: Sandblast         |    24 |    16 |    85 ||   125
       Stone Arrow       |       |       |    11 ||    11
  Use: Scroll            |       |     4 |     5 ||     9
 Stab: Sleeping          |     4 |    10 |     1 ||    15
Armor: Robe              |    35 |    99 |    45 ||   179
Dodge: Dodged            |    67 |   140 |    72 ||   279

Table legend: (Time is in decaauts)
 A = Elapsed time spent in this place.
 B = Non-inter-level travel time spent in this place.
 C = Inter-level travel time spent in this place.
 D = Time resting spent in this place.
 E = Time spent auto-exploring this place.
 F = Levels seen in this place.
 G = Mean time per level.
                   A        B        C        D        E       F      G
               +--------+--------+--------+--------+--------+-----+--------+
         Total |   8177 |   8032 |    145 |      0 |   6577 |   6 | 1362.8 |
       Dungeon |   7801 |   7656 |    145 |      0 |   6321 |   5 | 1560.2 |
       Ossuary |    375 |    375 |      0 |      0 |    256 |   1 |  375.0 |
               +--------+--------+--------+--------+--------+-----+--------+

Top non-repeatable levels by time:
     D:4: 1771 daAuts
     D:1: 1651 daAuts
     D:2: 1645 daAuts
     D:3: 1434 daAuts
     D:5: 1298 daAuts
 Ossuary: 375 daAuts
